AoeStats
← AimbotV.3

Arabia

503763566Analyzed
4v4 RM · 1mo ago on Sep 2, 2026· 67m 24s· 8 players
Game mode
Random Map
Map size
Large (8 player)
Population
200
Speed
Normal
Resources
Standard
Victory
Conquest
Starting age
Dark Age
Ending age
Imperial Age
RankedLock teamsTeams togetherTeam positionsShared explorationLock speedFull tech treeHidden civsTurbo modeCheats
Victory
Defeat
🇲🇽 Mongols · Mexico
845
+12
🇲🇽 Bohemians · Mexico
752
+17
🇲🇽 Sicilians · Mexico
698
+25
🇲🇽 Vietnamese · Mexico
683
+20
🇺🇸 Hindustanis · United States
813
-19
🇯🇴 Teutons · Jordan
760
-17
🇯🇴 Teutons · Jordan
751
-16
🇦🇷 Mongols · Argentina
742
-16
HAMP95
11:48 Feudal Age
12:14 Horse Collar
13:19 Wheelbarrow
13:12 Double-Bit Axe
16:34 Forging
17:18 Scale Mail Armor
21:39 Arson
21:15 Man-at-Arms
29:32 Castle Age
30:20 Squires
31:39 Pikeman
32:47 Fletching
34:01 Treadmill Crane
34:10 Elite Skirmisher
35:01 Heavy Plow
38:26 Chemistry
38:33 Bow Saw
38:42 Bodkin Arrow
38:48 Padded Archer Armor
39:25 Iron Casting
39:05 Chain Mail Armor
40:41 Hand Cart
42:15 Leather Archer Armor
45:18 Wagenburg Tactics
50:07 Iron Casting
49:47 Chain Mail Armor
52:31 Imperial Age
53:43 Elite Hussite Wagon
57:50 Halberdier
60:39 Blast Furnace
60:09 Plate Mail Armor
59:40 Bracer
60:10 Ring Archer Armor
62:46 Ballistics
62:37 Masonry
67:20 Spies/Treason
Hurrynd
11:45 Feudal Age
12:16 Feudal Age
13:01 Loom
16:31 Castle Age
16:28 Double-Bit Axe
16:25 Horse Collar
18:00 Wheelbarrow
18:08 Fletching
19:52 Bow Saw
21:05 Bodkin Arrow
23:08 Heavy Plow
24:44 Hand Cart
25:37 Gold Mining
28:44 Gold Shaft Mining
28:27 Padded Archer Armor
28:49 Town Watch
29:23 Stone Mining
33:16 Imperial Age
31:43 Leather Archer Armor
34:13 Ballistics
33:50 Murder Holes
34:10 Bloodlines
34:00 Husbandry
34:24 Bracer
35:13 Thumb Ring
36:37 Parthian Tactics
37:25 Chemistry
37:57 Hoardings
36:50 Light Cavalry
39:39 Hussar
41:07 Elite Mangudai
43:45 Drill
43:45 Conscription
44:13 Forging
44:08 Scale Barding Armor
44:51 Scale Barding Armor
46:03 Iron Casting
52:40 Hoardings
56:52 Blast Furnace
56:12 Chain Barding Armor
56:04 Siege Engineers
56:09 Masonry
64:22 Spies/Treason
checoc
2:41 Loom
11:59 Feudal Age
12:41 Horse Collar
13:52 Wheelbarrow
13:02 Town Watch
13:38 Double-Bit Axe
30:03 Castle Age
29:24 Gold Mining
29:25 Stone Mining
32:36 Hand Cart
35:48 Gold Shaft Mining
35:49 Stone Shaft Mining
37:43 Town Patrol
40:00 Heavy Plow
40:14 Bow Saw
44:24 Imperial Age
44:42 Pikeman
54:29 Halberdier
54:30 Elite Serjeant
59:43 Forging
59:34 Scale Mail Armor
artanisz1
7:41 Loom
10:25 Feudal Age
13:53 Horse Collar
16:25 Fletching
18:44 Wheelbarrow
17:57 Double-Bit Axe
21:23 Forging
25:27 Castle Age
24:17 Town Watch
24:24 Arson
25:28 Padded Archer Armor
26:12 Squires
27:12 Pikeman
27:30 Crossbowman
28:54 Thumb Ring
29:48 Heavy Plow
32:16 Bodkin Arrow
35:20 Hand Cart
37:35 Town Patrol
37:52 Bow Saw
37:47 Scale Mail Armor
39:36 Gold Mining
39:38 Stone Mining
40:27 Elite Skirmisher
45:42 Imperial Age
43:53 Ballistics
45:20 Iron Casting
45:02 Leather Archer Armor
49:43 Paper Money
51:01 Chemistry
50:15 Halberdier
51:40 Imperial Skirmisher
52:51 Chain Mail Armor
55:38 Plate Mail Armor
AimbotV.3
4:42 Loom
13:59 Feudal Age
15:04 Gold Mining
15:04 Double-Bit Axe
15:09 Horse Collar
16:53 Stone Mining
18:59 Wheelbarrow
25:39 Man-at-Arms
33:46 Castle Age
32:20 Fletching
32:41 Forging
32:32 Padded Archer Armor
32:38 Scale Barding Armor
32:45 Scale Barding Armor
33:59 Scale Mail Armor
35:03 Hand Cart
35:09 Bow Saw
35:40 Stone Shaft Mining
39:00 Hand Cart
39:16 Heavy Plow
40:28 Elite Skirmisher
seraj
7:37 Loom
10:31 Feudal Age
11:55 Double-Bit Axe
15:42 Horse Collar
18:06 Castle Age
21:05 Bloodlines
21:44 Bow Saw
21:16 Horse Collar
26:37 Wheelbarrow
27:42 Hand Cart
28:00 Heavy Plow
34:10 Fletching
38:27 Imperial Age
40:29 Chemistry
38:53 Cavalier
40:30 Scale Barding Armor
40:36 Forging
41:09 Paladin
43:24 Gold Mining
44:11 Crop Rotation
Mr.Hail
12:09 Feudal Age
13:27 Wheelbarrow
12:37 Horse Collar
12:46 Double-Bit Axe
21:18 Castle Age
20:14 Fletching
20:25 Padded Archer Armor
21:11 Gold Mining
22:49 Elite Skirmisher
23:49 Bow Saw
23:41 Bodkin Arrow
24:03 Leather Archer Armor
28:16 Ballistics
28:11 Thumb Ring
29:26 Hand Cart
30:40 Heavy Plow
32:17 Loom
32:18 Town Watch
38:03 Imperial Age
37:42 Gold Shaft Mining
38:23 Town Patrol
38:57 Bracer
39:28 Ring Archer Armor
40:22 Chemistry
40:17 Conscription
39:33 Heavy Camel Rider
40:27 Forging
40:17 Scale Mail Armor
40:25 Scale Barding Armor
40:42 Husbandry
40:53 Bloodlines
41:14 Grand Trunk Road
41:46 Bloodlines
41:47 Stone Mining
44:02 Imperial Camel Rider
46:34 Iron Casting
46:19 Chain Barding Armor
48:42 Two-Man Saw
48:35 Chain Barding Armor
GAZ
3:01 Loom
14:54 Feudal Age
16:23 Double-Bit Axe
16:22 Horse Collar
16:36 Gold Mining
16:54 Stone Mining
23:42 Wheelbarrow
23:48 Padded Archer Armor
23:39 Fletching
24:01 Forging
29:18 Castle Age
30:45 Leather Archer Armor
30:26 Bodkin Arrow
29:57 Elite Skirmisher
30:00 Crossbowman
30:46 Thumb Ring
30:52 Thumb Ring
32:01 Crossbowman
33:34 Hand Cart
45:54 Imperial Age
44:23 Stone Shaft Mining
44:24 Gold Shaft Mining
47:52 Iron Casting
50:54 Arbalester
51:39 Bracer
52:40 Blast Furnace
52:23 Onager
53:42 Siege Onager
Connection lost

Rejoining the realm…

Still unreachable

The connection could not be restored.

Session expired

The server has moved on; the page needs a fresh start.